 Dungeon Crawl Stone Soup version 0.20.1-1-g8b1a95d (webtiles) character file.

1500 dohliylev the Chopper (level 8, -2/61 HPs)
             Began as a Vampire Gladiator on Aug 9, 2017.
             Was a Believer of Okawaru.
             Slain by a worker ant (6 damage)
             ... on level 6 of the Dungeon.
             The game lasted 00:15:04 (4578 turns).

dohliylev the Chopper (Vampire Gladiator)           Turns: 4578, Time: 00:15:05

Health: -2/61      AC: 10    Str: 14    XL:     8   Next: 52%
Magic:  8/8        EV: 12    Int: 14    God:    Okawaru [**....]
Gold:   384        SH:  0    Dex: 16    Spells: 7/7 levels left

rFire    . . .     SeeInvis +   a - +0 war axe
rCold    . . .     Gourm    .   (no shield)
rNeg     . . .     Faith    .   m - +0 scale mail
rPois    .         Spirit   .   y - +1 helmet {Int+3}
rElec    .         Reflect  .   (no cloak)
rCorr    .         Harm     .   o - +0 pair of gloves
MR       .....                  (no boots)
Stlth    ..........             (no amulet)
Regen    0.4/turn               (no ring)
MPRegen  0.2/turn               (no ring)

@: lethally poisoned (-2 -> -6), regenerating quickly
A: fangs 3, see invisible, unbreathing
a: Heroism, Renounce Religion


You were on level 6 of the Dungeon.
You worshipped Okawaru.
Okawaru was pleased with you.
You were almost alive.

You visited 1 branch of the dungeon, and saw 6 of its levels.

You collected 384 gold pieces.

Inventory:

Hand Weapons
 a - a +0 war axe (weapon)
 u - a +4 dagger of protection
 v - a +2 dagger of draining
 w - a +0 dagger
 x - a +3 dagger
Missiles
 d - 3 throwing nets (quivered)
Armour
 m - a +0 scale mail (worn)
 o - a +0 pair of gloves (worn)
 y - a +1 helmet of intelligence (worn)
 G - a +1 leather armour of cold resistance
Wands
 b - a wand of confusion (31/48)
 C - a wand of enslavement (5/24)
Scrolls
 c - a scroll of enchant armour {unknown}
 f - 2 scrolls of remove curse {unknown}
 h - a scroll of noise {unknown}
 i - a scroll of magic mapping {unknown}
 k - 3 scrolls of blinking {unknown}
 p - 7 scrolls of identify {unknown}
 q - a scroll of enchant weapon {unknown}
 r - 2 scrolls of immolation {unknown}
 t - 5 scrolls of teleportation {unknown}
 A - a scroll of amnesia {unknown}
 E - a scroll of torment {unknown}
 F - a scroll of recharging {unknown}
 I - a scroll of fog {unknown}
Potions
 e - 6 potions of blood
 g - 2 potions of degeneration {unknown}
 j - 2 potions of brilliance {unknown}
 l - a potion of magic {unknown}
 n - a potion of might {unknown}
 s - 3 potions of curing {unknown}
 z - a potion of heal wounds {unknown}
 B - a potion of mutation {unknown}
 D - a potion of flight {unknown}
 J - a potion of agility {unknown}
Books
 H - a book of Conjurations

   Spells                             Type                      Level
   a - Magic Dart                     Conjuration                  1
   b - Searing Ray                    Conjuration                  2
   c - Dazzling Spray                 Conjuration/Hexes            3
   d - Fulminant Prism                Conjuration/Hexes            4
   e - Force Lance                    Conjuration/Translocation    4
   f - Iskenderun's Mystic Blast      Conjuration                  4


   Skills:
 + Level 4.3 Fighting
 + Level 7.4 Axes
 + Level 1.8 Throwing
 + Level 4.0 Armour
 + Level 4.8 Dodging


You had 7 spell levels left.
You didn't know any spells.

Dungeon Overview and Level Annotations

Branches:
Dungeon (6/15)
 Temple: D:4-7

Altars:
Cheibriados
Dithmenos
Hepliaklqana
Okawaru
Ru
Sif Muna
Uskayaw
Vehumet
Yredelemnul


Innate Abilities, Weirdness & Mutations

Your natural rate of healing is unusually fast.
You have razor-sharp teeth.
You have supernaturally acute eyesight. (SInv)
You can survive without breathing.


Message History

The worker ant is severely wounded.
You hit the sky beast but do no damage. The worker ant bites you.
* * * LOW HITPOINT WARNING * * *
You are more poisoned.
The worker ant poisons you! The sky beast misses you.
The worker ant misses you.
You feel sick. The worker ant barely misses you.
You closely miss the worker ant.
The worker ant is severely wounded.
You barely miss the sky beast.
You feel sick.
The worker ant bites you but does no damage.
The sky beast hits you.
* * * LOW HITPOINT WARNING * * *
The sky beast shocks you.
* * * LOW HITPOINT WARNING * * *
* * * LOW HITPOINT WARNING * * *
You feel sick.
The sky beast flickers out of sight for a moment.
The worker ant bites you.
You die...

#...# #.### #
#..## #.#
#..# #.# #..#
#..# #..#
#..##
####...##
#...@...#####
#..Ya........
#..§....#####
#....†..##
#....?)..#
#.........#
#...(........
#.....####.##
#.....# ...


You could see a sky beast (invisible) and a worker ant.

Vanquished Creatures
  3 sky beasts
  2 ogres
  A centaur (D:5)
  The ghost of Monsterracer the Insei, an amateur OpTm (D:3)
  A bullfrog (D:6)
  A scorpion (D:5)
  A water moccasin skeleton (D:5)
  A howler monkey (D:5)
  A crimson imp (D:6)
  2 jellies
  2 bullfrog skeletons
  A hound (D:3)
  6 worker ants
  2 iguanas
  A hound zombie (D:5)
  A worker ant zombie (D:5)
  Robin (D:3)
  7 gnolls
  9 adders
  An ooze (D:5)
  3 worms
  A dart slug (D:3)
  5 leopard geckos
  6 orcs
  6 giant cockroaches
  14 hobgoblins
  15 jackals
  7 kobolds
  6 quokkas
  2 ball pythons
  6 bats
  5 frilled lizards
  20 goblins
  A quokka zombie (D:5)
  4 rats
146 creatures vanquished.

Notes
Turn   | Place    | Note
-------+----------+-------------------------------------------
     0 | D:1      | dohliylev the Vampire Gladiator began the quest for the Orb.
     0 | D:1      | Reached XP level 1. HP: 16/16 MP: 1/1
   500 | D:1      | Reached skill level 3 in Axes
   500 | D:1      | Reached XP level 2. HP: 19/22 MP: 2/2
   870 | D:2      | Reached XP level 3. HP: 14/27 MP: 3/3
  1446 | D:2      | Reached XP level 4. HP: 21/33 MP: 4/4
  1571 | D:2      | Found a sacrificial altar of Ru.
  1721 | D:3      | Reached skill level 1 in Armour
  1753 | D:3      | Noticed Robin
  1759 | D:3      | Reached skill level 4 in Axes
  1766 | D:3      | Killed Robin
  1851 | D:3      | Noticed Monsterracer's ghost (amateur OpTm)
  1878 | D:3      | Killed Monsterracer's ghost
  1878 | D:3      | Reached XP level 5. HP: 11/39 MP: 5/5
  2167 | D:3      | Noticed a sky beast
  2181 | D:3      | Killed a sky beast
  2181 | D:3      | Reached skill level 5 in Axes
  2181 | D:3      | Reached XP level 6. HP: 33/46 MP: 6/6
  2348 | D:3      | Found a snail-covered altar of Cheibriados.
  2348 | D:3      | Found a deep blue altar of Sif Muna.
  2503 | D:3      | Found a hide-covered altar of Uskayaw.
  2503 | D:3      | Found a radiant altar of Vehumet.
  2508 | D:3      | Found a hazy altar of Hepliaklqana.
  2510 | D:3      | Found a shadowy altar of Dithmenos.
  2511 | D:3      | Found an iron altar of Okawaru.
  2528 | D:3      | Became a worshipper of Warmaster Okawaru
  3117 | D:4      | You fall through a shaft!
  3117 | D:5      | Entered Level 5 of the Dungeon
  3121 | D:5      | Noticed a sky beast
  3137 | D:5      | Killed a sky beast
  3137 | D:5      | Reached * piety under Okawaru
  3137 | D:5      | Reached XP level 7. HP: 39/52 MP: 7/7
  3258 | D:5      | Reached skill level 6 in Axes
  3676 | D:5      | Reached XP level 8. HP: 37/60 MP: 8/8
  3866 | D:4      | Found a basalt altar of Yredelemnul.
  4166 | D:5      | Reached ** piety under Okawaru
  4346 | D:5      | Reached skill level 7 in Axes
  4578 | D:6      | Slain by a worker ant

Skill      XL: |  1  2  3  4  5  6  7  8 |
---------------+-------------------------+-----
Axes           | 3 4 5 6 7 |  7.4
Fighting       | 2 3 4 |  4.3
Armour         | 1 2 3 4 |  4.0
Dodging        | 4 |  4.8
Throwing       | |  1.8

Action                   |  1- 3 |  4- 6 |  7- 9 || total
-------------------------+-------+-------+-------++-------
Melee: War axe           |   106 |   199 |   190 ||   495
       Bite              |     8 |    20 |    19 ||    47
  Use: Potion            |       |       |     2 ||     2
  Eat: Corpse            |    10 |     8 |     7 ||    25
Armor: Leather armour    |    15 |       |       ||    15
       Scale mail        |    42 |   116 |    91 ||   249
Dodge: Dodged            |    96 |   164 |   151 ||   411
